 Dungeon Crawl Stone Soup version 0.28.0-43-g3370ac3207 (webtiles) character file.

Game seed: 12227218195141632992

49 experimilk the Stinger (level 3, -1/26 HPs)
             Began as a Draconian Venom Mage on Mar 24, 2022.
             Slain by an ogre
             ... wielding a +0 giant club
              (15 damage)
             ... on level 2 of the Dungeon.
             The game lasted 00:07:25 (2620 turns).

experimilk the Stinger (Draconian Venom Mage)       Turns: 2620, Time: 00:07:25

Health: -1/26      AC:  5    Str: 10    XL:     3   Next: 53%
Magic:  0/6        EV: 12    Int: 17    God:
Gold:   107        SH:  0    Dex: 11    Spells: 4/7 levels left

rFire   . . .      SeeInvis .   f - +0 war axe
rCold   . . .      Faith    .   (no shield)
rNeg    . . .      Spirit   .   (armour unavailable)
rPois   .          Reflect  .   (helmet restricted)
rElec   .          Harm     .   (no cloak)
rCorr   .          Rampage  .   (no gloves)
Will    .....                   (no boots)
Stlth   ++........              (no amulet)
HPRegen 0.08/turn               (no ring)
MPRegen 0.10/turn               (no ring)

@: mighty, very slightly contaminated
A: AC +5, unfitting armour, cold-blooded
a: no special abilities


You were on level 2 of the Dungeon.
You visited 1 branch of the dungeon, and saw 2 of its levels.

You collected 107 gold pieces.

Inventory:

Hand Weapons
 a - a +0 dagger
 f - a +0 war axe (weapon)
Magical Staves
 g - a staff of earth
Scrolls
 b - a scroll of blinking {unknown}
 d - 4 scrolls of noise {unknown}
 e - a scroll of holy word {unknown}


   Skills:
 - Level 1.7 Dodging
 - Level 1.7 Stealth
 + Level 2.6 Spellcasting
 - Level 1.0 Transmutations
 * Level 4.1 Poison Magic


You had 4 spell levels left.
You knew the following spells:

 Your Spells              Type           Power      Damage    Failure   Level
a - Sting                 Tmut/Pois      44%        1d5       6%          1
s - Poisonous Vapours     Pois/Air       18%        N/A       12%         2

Your spell library contained the following spells:

 Spells                   Type           Power      Damage    Failure   Level
 Sublimation of Blood     Necr           2%         N/A       28%         2
 Mephitic Cloud           Conj/Pois/Air  6%         N/A       30%         3
 Olgreb's Toxic Radiance  Pois           16%        N/A       32%         4
 Petrify                  Tmut/Erth      3%         N/A       83%         4
 Irradiate                Conj/Tmut      1%         3d14      99%         5


Dungeon Overview and Level Annotations

Branches:
Dungeon (2/15)

Altars:


Innate Abilities, Weirdness & Mutations

Your plain brown scales are hard. (AC +5)
You cannot fit into any form of body armour.
You are cold-blooded and may be slowed by cold attacks.


Message History

An ogre is nearby!
A hobgoblin comes into view.
There is a stone staircase leading up here.
Casting: Sting (safe; 6% risk of failure)
Confirm with . or Enter, or press ? or * to list all spells.
Aiming: Poisonous Vapours (safe; 12% risk of failure)
Press: ? - help, Dir - move target, f - ogre
Aim: an ogre, wielding a +0 giant club Poisonous vapours surround the ogre!
The ogre is poisoned.
The ogre barely misses you.
Casting: Poisonous Vapours (safe; 12% risk of failure)
Confirm with . or Enter, or press ? or * to list all spells.
Aiming: Poisonous Vapours (safe; 12% risk of failure)
Press: ? - help, Dir - move target, f/p - ogre
Aim: an ogre, wielding a +0 giant club (lightly wounded, poisoned)
You miscast Poisonous Vapours.
You are very lightly contaminated with residual magic.
Nothing appears to happen.
The ogre misses you.
Unknown command.
Casting: Poisonous Vapours (safe; 12% risk of failure)
Confirm with . or Enter, or press ? or * to list all spells.
Aiming: Sting (safe; 6% risk of failure)
Press: ? - help, Shift-Dir - straight line, f/p - ogre
Aim: an ogre, wielding a +0 giant club (lightly wounded, poisoned, 86% to hit)
The sting hits the ogre.
The ogre looks even sicker.
The ogre is lightly wounded.
The ogre hits you with a +0 giant club!
Ouch! That really hurt!
Unknown command.
Casting: Sting (safe; 6% risk of failure)
Confirm with . or Enter, or press ? or * to list all spells.
Aiming: Sting (safe; 6% risk of failure)
Press: ? - help, Shift-Dir - straight line, f/p - ogre
Aim: an ogre, wielding a +0 giant club (moderately wounded, very poisoned, 86% to hit)
The sting misses the ogre.
It was a potion of might.
You feel very mighty all of a sudden. The ogre hits you with a +0 giant club!
Ouch! That really hurt!
You die...

.....# #.# .....# #.#
####### .....###.#
#.....#
.........###.....#
.#####.....#.....#
.######.##.#.....#
....# #.##.......#
.##.###.####.....#
.##<....####...O@#
######)...#......# #
##.#.#...<..# #
#.#)...##### #
#####.##.....# #
#.....##.###.#
###....##..############
......)......###......#
..........##..........#


You could see an ogre (poisoned).

Vanquished Creatures
  2 adders (D:2)
  A worm (D:2)
  5 bats
  4 endoplasms (D:1)
  2 giant cockroaches
  3 goblins (D:2)
  4 hobgoblins (D:1)
  2 frilled lizards (D:2)
  4 rats
27 creatures vanquished.

Notes
Turn   | Place    | Note
-------+----------+-------------------------------------------
     0 | D:1      | experimilk the Draconian Venom Mage began the quest for the
                  | Orb.
     0 | D:1      | Reached XP level 1. HP: 14/14 MP: 3/3
   397 | D:1      | Reached XP level 2. HP: 19/20 MP: 0/5
   448 | D:1      | Learned a level 2 spell: Poisonous Vapours
  1975 | D:2      | Reached XP level 3. HP: 26/26 MP: 1/6
  2090 | D:2      | Reached skill level 4 in Poison Magic
  2595 | D:2      | Noticed an ogre
  2620 | D:2      | Slain by an ogre

Illustrated notes

Levels and vault maps discovered:
D:1:      amcnicky_arrival_double_pillar, layout_basic, minmay_misc_feat_square
D:2:      layout_rooms, minmay_indecisive_spiral

Skill      XL: |  1  2  3 |
---------------+----------+-----
Poison Magic   | 4 |  4.1
Dodging        | |  1.7
Stealth        | |  1.7
Spellcasting   | |  2.6
Transmutations | |  1.0

Action                   || total
-------------------------++-------
Melee: Unarmed           ||    19
       Tailslap          ||     6
       Dagger            ||     8
       War axe           ||    13
 Cast: Sting             ||    47
       Poisonous Vapours ||     5
  Use: Potion            ||     1
Armor: Skin              ||    22
Dodge: Dodged            ||    45
